2791 views
Uploaded 2019-12-28 22:41:23
Game version 1.32.0.4
26:30 long 2on2 ladder game on (4)Avalanche_LV
Saved by BEARAND
2791 views
Uploaded 2019-12-28 22:41:23
Game version 1.32.0.4
26:30 long 2on2 ladder game on (4)Avalanche_LV


54 units @ 5.6k
/ 0.7k
137 buildings @ 9.7k
/ 5.6k


| Healing Salve | 2 | 200 |
| Orb of Lightning | 1 | 375 |
| Boots of Speed | 2 | 500 |
| Staff of Teleportation | 2 | 300 |
| Staff of Sanctuary | 1 | 250 |
| Orb of Fire | 1 | 325 |
| total: | 9 | 1950g |
| Peon | 20 | 1500 | / | 0 |
| Troll Batrider | 17 | 2720 | / | 680 |
| total: | 37 | 4220g | / | 680w |
| Watch Tower | 31 | 3410 | / | 2480 |
| Altar of Storms | 1 | 180 | / | 50 |
| Orc Burrow | 4 | 640 | / | 160 |
| War Mill | 1 | 205 | / | 0 |
| Voodoo Lounge | 2 | 260 | / | 60 |
| Great Hall | 1 | 385 | / | 185 |
| Beastiary | 3 | 435 | / | 420 |
| Stronghold | 1 | 315 | / | 190 |
| Fortress | 1 | 325 | / | 190 |
| total: | 43 | 5515g | / | 3355w |
| 0:03 | Peon |
| 0:03 | Peon |
| 0:06 | Altar of Storms |
| 0:19 | Orc Burrow |
| 0:35 | War Mill |
| 0:38 | Peon |
| 0:46 | Peon |
| 0:54 | Peon |
| 1:11 | Voodoo Lounge |
| 1:17 | Peon |
| 1:33 | Orc Burrow |
| 1:38 | Peon |
| 1:56 | Peon |
| 2:08 | Watch Tower |
| 2:11 | Wind Walk |
| 2:15 | Healing Salve |
| 2:22 | Peon |
| 2:33 | Watch Tower |
| 2:54 | Peon |
| 2:56 | Watch Tower |
| 3:23 | Watch Tower |
| 3:40 | Boots of Speed |
| 3:41 | Staff of Teleportation |
| 4:09 | Peon |
| 4:09 | Peon |
| 4:11 | Watch Tower |
| 4:33 | Peon |
| 4:36 | Watch Tower |
| 4:38 | Watch Tower |
| 5:06 | Stronghold |
| 5:31 | Watch Tower |
| 5:33 | Watch Tower |
| 5:45 | Critical Strike |
| 5:51 | Healing Salve |
| 5:59 | Voodoo Lounge |
| 6:11 | Orc Burrow |
| 6:17 | Watch Tower |
| 7:36 | Peon |
| 7:39 | Orc Burrow |
| 8:23 | Fortress |
| 8:25 | Watch Tower |
| 8:28 | Reinforced Defenses |
| 8:28 | Spiked Barricades |
| 8:31 | Hex |
| 9:05 | Beastiary |
| 9:10 | Beastiary |
| 9:23 | Beastiary |
| 9:31 | Wind Walk |
| 10:12 | Troll Batrider |
| 10:14 | Steel Ranged Weapons |
| 10:44 | Liquid Fire |
| 10:45 | Troll Batrider |
| 10:57 | Boots of Speed |
| 11:10 | Watch Tower |
| 11:13 | Watch Tower |
| 11:15 | Watch Tower |
| 11:18 | Watch Tower |
| 11:20 | Troll Batrider |
| 11:22 | Troll Batrider |
| 11:51 | Healing Wave |
| 12:19 | Improved Spiked Barricades |
| 12:24 | Troll Batrider |
| 12:50 | Peon |
| 12:56 | Thorium Ranged Weapons |
| 13:03 | Great Hall |
| 13:29 | Watch Tower |
| 13:34 | Watch Tower |
| 13:42 | Troll Batrider |
| 13:51 | Watch Tower |
| 14:09 | Orb of Lightning |
| 14:45 | Watch Tower |
| 15:00 | Critical Strike |
| 16:00 | Peon |
| 16:00 | Peon |
| 16:01 | Peon |
| 16:01 | Peon |
| 16:04 | Watch Tower |
| 16:14 | Staff of Sanctuary |
| 16:21 | Orb of Fire |
| 16:34 | Arcanite Ranged Weapons |
| 16:35 | Steel Armor |
| 16:40 | Staff of Teleportation |
| 16:56 | Watch Tower |
| 17:10 | Watch Tower |
| 18:01 | Watch Tower |
| 18:03 | Watch Tower |
| 18:05 | Watch Tower |
| 18:09 | Watch Tower |
| 18:14 | Watch Tower |
| 18:22 | Watch Tower |
| 18:26 | Peon |
| 19:27 | Watch Tower |
| 20:00 | Troll Batrider |
| 20:01 | Troll Batrider |
| 20:01 | Troll Batrider |
| 20:01 | Troll Batrider |
| 20:02 | Troll Batrider |
| 20:53 | Watch Tower |
| 21:09 | Troll Batrider |
| 21:28 | Thorium Armor |
| 22:06 | Watch Tower |
| 22:57 | Troll Batrider |
| 22:57 | Troll Batrider |
| 22:57 | Troll Batrider |
| 23:27 | Critical Strike |
| 24:13 | Healing Wave |
| 25:11 | Troll Batrider |
| 25:13 | Troll Batrider |
| Right click | 1634 |
| Select | 453 |
| Select group | 225 |
| Build/train/purchase | 96 |
| Misc. action | 74 |
| Use ability | 74 |
| Assign group | 11 |
| Chat | 8 |
| Item give/drop | 6 |
| Remove unit | 2 |
| Esc | 2 |
| Minimap ping | 1 |



x1)
| Staff of Sanctuary | 3 | 750 |
| Boots of Speed | 3 | 750 |
| Staff of Teleportation | 4 | 600 |
| Tome of Retraining | 1 | 300 |
| Periapt of Vitality | 1 | 325 |
| Circlet of Nobility | 1 | 175 |
| Healing Salve | 1 | 100 |
| Orb of Lightning | 3 | 1125 |
| total: | 17 | 4125g |
| Peasant | 15 | 1125 | / | 0 |
| Priest | 2 | 270 | / | 20 |
| total: | 17 | 1395g | / | 20w |
| Scout Tower | 80 | 2400 | / | 1600 |
| Arcane Tower | 9 | 630 | / | 450 |
| Guard Tower | 51 | 3570 | / | 2550 |
| Altar of Kings | 1 | 180 | / | 50 |
| Farm | 7 | 560 | / | 140 |
| Lumber Mill | 1 | 120 | / | 0 |
| Arcane Vault | 3 | 390 | / | 90 |
| Town Hall | 1 | 385 | / | 205 |
| Arcane Sanctum | 1 | 150 | / | 140 |
| Keep | 1 | 320 | / | 210 |
| Castle | 1 | 360 | / | 210 |
| total: | 94 | 4185g | / | 2225w |
| 0:02 | Peasant |
| 0:02 | Peasant |
| 0:08 | Altar of Kings |
| 0:21 | Farm |
| 0:22 | Peasant |
| 0:23 | Peasant |
| 0:26 | Scout Tower |
| 0:39 | Peasant |
| 0:42 | Farm |
| 0:46 | Peasant |
| 1:19 | Lumber Mill |
| 1:23 | Peasant |
| 1:24 | Peasant |
| 1:36 | Scout Tower |
| 1:36 | Arcane Tower |
| 1:40 | Peasant |
| 1:41 | Peasant |
| 1:48 | Scout Tower |
| 1:55 | Peasant |
| 1:55 | Peasant |
| 2:07 | Summon Water Elemental |
| 2:33 | Scout Tower |
| 2:34 | Scout Tower |
| 2:47 | Guard Tower |
| 2:49 | Guard Tower |
| 2:50 | Peasant |
| 2:51 | Peasant |
| 2:51 | Improved Masonry |
| 3:19 | Guard Tower |
| 3:25 | Scout Tower |
| 3:26 | Scout Tower |
| 3:26 | Scout Tower |
| 4:04 | Keep |
| 4:05 | Guard Tower |
| 4:14 | Guard Tower |
| 4:19 | Farm |
| 4:22 | Boots of Speed |
| 4:22 | Staff of Teleportation |
| 4:28 | Staff of Teleportation |
| 4:39 | Guard Tower |
| 4:55 | Guard Tower |
| 4:58 | Scout Tower |
| 4:59 | Scout Tower |
| 4:59 | Scout Tower |
| 5:05 | Healing Salve |
| 5:31 | Guard Tower |
| 6:00 | Arcane Vault |
| 6:02 | Scout Tower |
| 6:03 | Scout Tower |
| 6:03 | Scout Tower |
| 6:03 | Scout Tower |
| 6:05 | Guard Tower |
| 6:07 | Scout Tower |
| 6:07 | Scout Tower |
| 6:21 | Guard Tower |
| 6:44 | Peasant |
| 6:47 | Farm |
| 6:49 | Brilliance Aura |
| 7:29 | Storm Bolt |
| 7:35 | Scout Tower |
| 7:36 | Scout Tower |
| 7:36 | Castle |
| 7:37 | Advanced Masonry |
| 7:37 | Improved Lumber Harvesting |
| 8:22 | Scout Tower |
| 8:22 | Scout Tower |
| 8:22 | Scout Tower |
| 8:23 | Scout Tower |
| 8:23 | Scout Tower |
| 8:24 | Scout Tower |
| 8:24 | Scout Tower |
| 8:24 | Scout Tower |
| 8:25 | Guard Tower |
| 8:50 | Farm |
| 8:54 | Arcane Tower |
| 8:54 | Guard Tower |
| 8:55 | Guard Tower |
| 9:23 | Guard Tower |
| 9:23 | Guard Tower |
| 9:34 | Bash |
| 9:53 | Guard Tower |
| 10:03 | Guard Tower |
| 10:06 | Imbued Masonry |
| 10:28 | Staff of Teleportation |
| 10:32 | Summon Water Elemental |
| 10:51 | Boots of Speed |
| 10:56 | Guard Tower |
| 11:14 | Scout Tower |
| 11:14 | Scout Tower |
| 11:15 | Scout Tower |
| 11:15 | Scout Tower |
| 11:16 | Scout Tower |
| 11:16 | Scout Tower |
| 11:21 | Holy Light |
| 11:23 | Arcane Vault |
| 11:26 | Arcane Sanctum |
| 11:59 | Guard Tower |
| 12:22 | Guard Tower |
| 12:22 | Arcane Tower |
| 12:25 | Guard Tower |
| 12:52 | Town Hall |
| 12:58 | Guard Tower |
| 13:21 | Farm |
| 13:22 | Farm |
| 13:32 | Arcane Vault |
| 13:36 | Magic Sentry |
| 14:12 | Staff of Sanctuary |
| 14:22 | Arcane Tower |
| 14:40 | Scout Tower |
| 14:41 | Scout Tower |
| 14:42 | Scout Tower |
| 14:42 | Scout Tower |
| 14:42 | Scout Tower |
| 14:43 | Scout Tower |
| 15:26 | Guard Tower |
| 15:29 | Advanced Lumber Harvesting |
| 15:32 | Priest |
| 15:32 | Priest Adept Training |
| 15:33 | Priest |
| 15:35 | Tome of Retraining |
| 15:35 | Retrain Hero |
| 15:37 | Blizzard |
| 15:37 | Brilliance Aura |
| 15:37 | Blizzard |
| 15:43 | Scout Tower |
| 15:44 | Scout Tower |
| 15:44 | Scout Tower |
| 15:44 | Scout Tower |
| 15:45 | Scout Tower |
| 15:45 | Scout Tower |
| 15:46 | Scout Tower |
| 15:46 | Scout Tower |
| 16:05 | Boots of Speed |
| 16:05 | Staff of Teleportation |
| 16:11 | Periapt of Vitality |
| 16:25 | Staff of Sanctuary |
| 16:33 | Staff of Sanctuary |
| 16:37 | Guard Tower |
| 16:42 | Guard Tower |
| 16:56 | Guard Tower |
| 17:01 | Orb of Lightning |
| 17:01 | Orb of Lightning |
| 17:07 | Guard Tower |
| 17:17 | Guard Tower |
| 17:18 | Scout Tower |
| 17:18 | Scout Tower |
| 17:23 | Guard Tower |
| 17:50 | Guard Tower |
| 17:52 | Guard Tower |
| 18:00 | Scout Tower |
| 18:00 | Scout Tower |
| 18:01 | Scout Tower |
| 18:01 | Scout Tower |
| 18:02 | Scout Tower |
| 18:02 | Scout Tower |
| 18:03 | Scout Tower |
| 18:03 | Scout Tower |
| 18:06 | Guard Tower |
| 18:22 | Arcane Tower |
| 18:40 | Arcane Tower |
| 19:07 | Arcane Tower |
| 19:25 | Arcane Tower |
| 19:26 | Guard Tower |
| 19:27 | Scout Tower |
| 19:28 | Scout Tower |
| 19:28 | Scout Tower |
| 19:28 | Scout Tower |
| 19:29 | Scout Tower |
| 19:29 | Scout Tower |
| 19:30 | Scout Tower |
| 19:31 | Scout Tower |
| 19:32 | Guard Tower |
| 20:28 | Guard Tower |
| 20:29 | Scout Tower |
| 20:31 | Scout Tower |
| 20:31 | Scout Tower |
| 20:32 | Scout Tower |
| 20:32 | Scout Tower |
| 20:51 | Guard Tower |
| 20:55 | Guard Tower |
| 21:10 | Orb of Lightning |
| 21:17 | Guard Tower |
| 21:19 | Arcane Tower |
| 21:29 | Circlet of Nobility |
| 21:50 | Guard Tower |
| 22:09 | Scout Tower |
| 22:09 | Scout Tower |
| 22:10 | Scout Tower |
| 22:11 | Scout Tower |
| 22:11 | Scout Tower |
| 22:11 | Scout Tower |
| 22:12 | Scout Tower |
| 22:12 | Scout Tower |
| 22:12 | Scout Tower |
| 22:13 | Scout Tower |
| 22:14 | Guard Tower |
| 22:42 | Divine Shield |
| 22:49 | Storm Bolt |
| 23:11 | Brilliance Aura |
| 23:17 | Guard Tower |
| 23:27 | Brilliance Aura |
| 23:29 | Guard Tower |
| 23:56 | Guard Tower |
| 24:15 | Holy Light |
| 24:51 | Guard Tower |
| 24:58 | Guard Tower |
| 24:58 | Guard Tower |
| 26:25 | Bash |
| Right click | 1899 |
| Select | 582 |
| Select group | 358 |
| Build/train/purchase | 164 |
| Chat | 70 |
| Use ability | 65 |
| Assign group | 33 |
| Item give/drop | 10 |
| Minimap ping | 8 |
| Misc. action | 3 |
/ 1.6k
42 buildings @ 7.1k
/ 3k



| Wisp | 28 | 1680 | / | 0 |
| Archer | 14 | 1820 | / | 140 |
| Huntress | 6 | 1170 | / | 120 |
| Hippogryph | 15 | 2400 | / | 300 |
| Glaive Thrower | 2 | 420 | / | 130 |
| Chimaera | 1 | 330 | / | 70 |
| total: | 66 | 7820g | / | 760w |
| Ancient Protector | 3 | 405 | / | 240 |
| Altar of Elders | 1 | 180 | / | 50 |
| Moon Well | 9 | 1620 | / | 360 |
| Ancient of War | 2 | 300 | / | 120 |
| Hunter's Hall | 1 | 210 | / | 100 |
| Tree of Life | 1 | 340 | / | 185 |
| Ancient of Wind | 2 | 300 | / | 280 |
| Chimaera Roost | 2 | 280 | / | 380 |
| Tree of Ages | 1 | 320 | / | 180 |
| Tree of Eternity | 1 | 330 | / | 200 |
| total: | 21 | 3635g | / | 1715w |
| 0:05 | Wisp |
| 0:08 | Altar of Elders |
| 0:16 | Moon Well |
| 0:26 | Moon Well |
| 0:29 | Wisp |
| 0:41 | Ancient of War |
| 0:45 | Wisp |
| 0:50 | Wisp |
| 1:01 | Wisp |
| 1:34 | Wisp |
| 1:46 | Moon Well |
| 1:48 | Archer |
| 1:52 | Wisp |
| 2:06 | Wisp |
| 2:17 | Archer |
| 2:36 | Wisp |
| 2:38 | Wisp |
| 2:41 | Moon Well |
| 2:52 | Force of Nature |
| 3:08 | Archer |
| 3:12 | Hunter's Hall |
| 3:20 | Archer |
| 3:41 | Ancient of War |
| 3:50 | Archer |
| 4:14 | Archer |
| 4:37 | Strength of the Moon |
| 4:47 | Tree of Ages |
| 5:06 | Huntress |
| 5:22 | Huntress |
| 5:43 | Huntress |
| 6:44 | Tree of Life |
| 7:08 | Ancient Protector |
| 7:11 | Moon Armor |
| 7:13 | Wisp |
| 7:13 | Wisp |
| 7:14 | Wisp |
| 7:22 | Ancient of Wind |
| 7:31 | Improved Bows |
| 7:38 | Huntress |
| 8:03 | Wisp |
| 8:03 | Wisp |
| 8:04 | Wisp |
| 8:13 | Moon Well |
| 8:39 | Moon Well |
| 8:49 | Wisp |
| 8:49 | Wisp |
| 8:50 | Wisp |
| 9:03 | Hippogryph |
| 9:20 | Hippogryph |
| 9:27 | Wisp |
| 9:48 | Hippogryph |
| 9:58 | Wisp |
| 9:59 | Wisp |
| 10:11 | Ancient of Wind |
| 10:48 | Thorns Aura |
| 11:06 | Hippogryph |
| 11:07 | Hippogryph |
| 11:09 | Archer |
| 11:30 | Hippogryph |
| 11:38 | Moon Glaive |
| 11:50 | Improved Strength of the Moon |
| 12:02 | Hippogryph |
| 12:16 | Moon Well |
| 12:19 | Trueshot Aura |
| 12:41 | Archer |
| 12:48 | Moon Well |
| 13:23 | Hippogryph |
| 13:25 | Hippogryph |
| 13:31 | Huntress |
| 13:39 | Hippogryph |
| 14:21 | Archer |
| 14:24 | Archer |
| 14:43 | Ancient Protector |
| 15:02 | Improved Moon Armor |
| 15:20 | Hippogryph |
| 15:40 | Ancient Protector |
| 16:29 | Hippogryph |
| 16:30 | Hippogryph |
| 16:33 | Archer |
| 16:48 | Glaive Thrower |
| 17:10 | Vorpal Blades |
| 17:38 | Archer |
| 18:30 | Tree of Eternity |
| 19:37 | Moon Well |
| 20:59 | Glaive Thrower |
| 21:01 | Marksmanship |
| 21:18 | Hippogryph |
| 21:30 | Nature's Blessing |
| 21:37 | Wisp |
| 21:37 | Wisp |
| 21:37 | Wisp |
| 21:39 | Wisp |
| 21:41 | Hippogryph |
| 23:43 | Archer |
| 23:43 | Archer |
| 23:54 | Chimaera Roost |
| 24:21 | Mana Burn |
| 25:17 | Chimaera |
| 25:21 | Chimaera Roost |
| 25:24 | Wisp |
| 25:25 | Wisp |
| 25:42 | Huntress |
| Right click | 524 |
| Select | 300 |
| Select group | 132 |
| Build/train/purchase | 87 |
| Assign group | 37 |
| Misc. action | 24 |
| Use ability | 15 |
| Esc | 6 |
| Remove unit | 2 |


| Peon | 12 | 900 | / | 0 |
| Grunt | 23 | 4600 | / | 0 |
| Wind Rider | 1 | 265 | / | 40 |
| Raider | 11 | 1980 | / | 440 |
| Shaman | 7 | 910 | / | 140 |
| Troll Witch Doctor | 4 | 580 | / | 100 |
| Demolisher | 2 | 440 | / | 100 |
| Troll Headhunter | 1 | 140 | / | 20 |
| Ice Troll Trapper | 1 | 200 | / | 20 |
| total: | 62 | 10015g | / | 860w |
| Watch Tower | 4 | 440 | / | 320 |
| Altar of Storms | 1 | 180 | / | 50 |
| Orc Burrow | 8 | 1280 | / | 320 |
| War Mill | 3 | 615 | / | 0 |
| Barracks | 1 | 180 | / | 50 |
| Great Hall | 1 | 385 | / | 185 |
| Voodoo Lounge | 1 | 130 | / | 30 |
| Beastiary | 1 | 145 | / | 140 |
| Spirit Lodge | 1 | 150 | / | 150 |
| Stronghold | 1 | 315 | / | 190 |
| Fortress | 1 | 325 | / | 190 |
| total: | 21 | 3505g | / | 1245w |
| 0:04 | Altar of Storms |
| 0:05 | Peon |
| 0:06 | Peon |
| 0:19 | Peon |
| 0:36 | Orc Burrow |
| 0:37 | Peon |
| 0:52 | War Mill |
| 1:06 | Barracks |
| 1:09 | Peon |
| 1:16 | Peon |
| 1:44 | Orc Burrow |
| 1:47 | Peon |
| 2:04 | Pillage |
| 2:12 | Grunt |
| 2:18 | Steel Melee Weapons |
| 2:26 | Wind Walk |
| 2:35 | Grunt |
| 3:05 | Grunt |
| 3:19 | Grunt |
| 3:22 | Stronghold |
| 4:23 | Grunt |
| 4:44 | Thorium Melee Weapons |
| 5:16 | Grunt |
| 5:36 | Grunt |
| 6:01 | Grunt |
| 6:06 | Beastiary |
| 6:09 | Steel Armor |
| 6:10 | Fortress |
| 6:15 | War Mill |
| 7:04 | Grunt |
| 7:08 | Berserker Strength |
| 7:16 | Orc Burrow |
| 7:29 | Critical Strike |
| 8:12 | Great Hall |
| 8:16 | Grunt |
| 8:22 | Wind Walk |
| 8:28 | Grunt |
| 8:30 | Wind Rider |
| 8:31 | Raider |
| 8:32 | Ensnare |
| 8:37 | Grunt |
| 8:39 | Arcanite Melee Weapons |
| 8:48 | Thorium Armor |
| 8:51 | Grunt |
| 8:58 | Peon |
| 9:10 | Orc Burrow |
| 9:45 | Voodoo Lounge |
| 10:05 | Grunt |
| 10:07 | Raider |
| 10:22 | Spirit Lodge |
| 10:29 | Grunt |
| 10:50 | Peon |
| 10:55 | Orc Burrow |
| 10:58 | Grunt |
| 10:59 | Raider |
| 11:22 | Ice Troll Trapper |
| 11:32 | Peon |
| 11:52 | Peon |
| 11:58 | Shaman |
| 12:03 | Raider |
| 13:44 | Grunt |
| 13:51 | Shaman |
| 14:13 | Orc Burrow |
| 14:32 | Watch Tower |
| 14:34 | Watch Tower |
| 14:39 | Peon |
| 14:43 | Orc Burrow |
| 14:50 | War Mill |
| 15:17 | Healing Wave |
| 15:35 | Grunt |
| 15:36 | Shaman |
| 15:37 | Raider |
| 16:07 | Raider |
| 16:08 | Grunt |
| 16:09 | Troll Witch Doctor |
| 16:10 | Shaman |
| 16:44 | Grunt |
| 16:47 | Witch Doctor Adept Training |
| 16:49 | Troll Witch Doctor |
| 17:14 | Arcanite Armor |
| 17:53 | Witch Doctor Master Training |
| 17:55 | Troll Witch Doctor |
| 17:57 | Raider |
| 18:00 | Orc Burrow |
| 18:54 | Demolisher |
| 19:25 | Watch Tower |
| 19:33 | Spiked Barricades |
| 19:41 | Reinforced Defenses |
| 19:44 | Grunt |
| 19:50 | Demolisher |
| 24:08 | Grunt |
| 24:11 | Raider |
| 24:13 | Shaman |
| 24:15 | Troll Witch Doctor |
| 24:56 | Grunt |
| 25:00 | Raider |
| 25:01 | Shaman |
| 25:13 | Raider |
| 25:26 | Watch Tower |
| 25:41 | Troll Headhunter |
| 25:43 | Raider |
| 25:44 | Shaman |
| Right click | 1192 |
| Select group | 501 |
| Select | 384 |
| Build/train/purchase | 101 |
| Assign group | 47 |
| Chat | 44 |
| Misc. action | 43 |
| Use ability | 9 |
| Remove unit | 8 |
| Esc | 6 |